 Seeded DCSS version 0.31-a0-618-g7ca08c1ff9 (webtiles) character file.

Game seed: 3612390645625327883 (custom seed)

415 innerfire43 the Changeling (level 6, -1/47 HPs)
             Began as a Gnoll Shapeshifter on Aug 21, 2023.
             Slain by an orc
             ... wielding a +0 hand axe
              (5 damage)
             ... on level 4 of the Dungeon on Aug 22, 2023.
             The game lasted 00:03:18 (2982 turns).

innerfire43 the Changeling (Gnoll Shapeshifter)     Turns: 2982, Time: 00:03:18

Health: -1/47      AC:  5    Str: 15    XL:     6   Next: 91%
Magic:  9/9        EV: 14    Int:  7    God:
Gold:   110        SH:  0    Dex: 14    Spells: 9/9 levels left

rFire   . .          .
                       - Unarmed
rCold   . . .        (shield currently unavailable)
rNeg    . . .        i - +2 animal skin
rPois   .            j - +0 helmet
rElec   .            (no cloak)
rCorr   .            (no gloves)
SInv    .            (no boots)
Will    .....        (no amulet)
Stlth   +            (no ring)
HPRegen 0.27/turn    (no ring)
MPRegen 0.11/turn

%: no passive effects
@: flux-form, glowing
A: glow, contaminating, fangs 1, strong nose, distributed training
a: Begin Untransformation


You were on level 4 of the Dungeon.
You were something dangerously unstable.
You visited 1 branch of the dungeon, and saw 4 of its levels.

You collected 110 gold pieces.

Inventory:

Armour
 a - a +0 animal skin
 i - a +2 animal skin (worn)
 j - a +0 helmet (worn)
Talismans
 c - a beast talisman
 d - a flux talisman (active)
 p - a serpent talisman
Scrolls
 g - 3 scrolls of identify {unknown}
 h - a scroll of vulnerability {unknown}
 k - a scroll of fog {unknown}
 l - 3 scrolls of summoning {unknown}
 n - 2 scrolls of teleportation {unknown}
 o - a scroll of acquirement {unknown}
 s - a scroll of poison {unknown}
Potions
 b - 2 potions of lignification
 e - a potion of berserk rage {unknown}
 f - 2 potions of enlightenment {unknown}
 m - 2 potions of brilliance {unknown}
 q - 2 potions of haste {unknown}
 r - 2 potions of curing {unknown}


   Skills:
 + Level 3.4 Fighting
 + Level 2.2 Short Blades
 + Level 2.2 Long Blades
 + Level 2.2 Axes
 + Level 2.2 Maces & Flails
 + Level 2.2 Polearms
 + Level 2.2 Staves
 + Level 2.2 Ranged Weapons
 + Level 2.2 Throwing
 + Level 2.2 Armour
 + Level 5.1 Dodging
 + Level 2.2 Stealth
 + Level 2.2 Shields
 + Level 6.9 Unarmed Combat
 + Level 2.2 Spellcasting
 + Level 1.7 Conjurations
 + Level 1.7 Hexes
 + Level 1.7 Summonings
 + Level 1.7 Necromancy
 + Level 1.7 Translocations
 + Level 1.7 Transmutations
 + Level 1.7 Fire Magic
 + Level 1.7 Ice Magic
 + Level 1.7 Air Magic
 + Level 1.7 Earth Magic
 + Level 1.7 Poison Magic
 + Level 2.4 Invocations
 + Level 2.2 Evocations
 + Level 7.4 Shapeshifting


You had 9 spell levels left.
You didn't know any spells.
Your spell library contained the following spells:

 Spells                   Type           Power      Damage    Failure   Level
 Stone Arrow              Conj/Erth      6%         3d7       50%         3
 Animate Armour           Summ/Erth      6%         N/A       88%         4
 Lehudib's Crystal Spear  Conj/Erth      1%         10d2      100%        8


Dungeon Overview and Level Annotations

Branches:
Dungeon (4/15)
 Temple: D:4-7

Altars:
Gozag
Sif Muna


Innate Abilities, Weirdness & Mutations

You are something dangerously unstable.
You glow with magical radiation, making you easy to see and hit.
Foes you strike become dangerously contaminated with magical radiation.
You are incapable of wielding weapons or throwing items.
You have very sharp teeth.
Your uncanny sense of smell can sniff out nearby items.
Your experience applies equally to all skills.


Message History

The howler monkey barely misses you.
Unknown command.
You hit the howler monkey.
The howler monkey shudders as magic cascades through it!!
You kill the howler monkey!
Unknown command.
The goblin misses you.
Things that are here:
a +2 short sword of draining; an orc corpse You hit the orc.
The orc begins to glow.
The orc is heavily wounded.
The orc hits you with a +0 short sword.
* * * LOW HITPOINT WARNING * * *
The goblin barely misses you.
You hit the orc.
The orc glows dangerously bright.
The orc is almost dead.
The goblin barely misses you. The orc hits you with a +0 short sword.
* * * LOW HITPOINT WARNING * * *
Unknown command.
You hit the orc.
You kill the orc!
The goblin closely misses you.
You hit the goblin.
You kill the goblin!
An orc comes into view. It is wielding a +0 hand axe.
Things that are here:
a +0 dagger; a goblin corpse The orc shouts!
The orc misses you.
You hit the orc.
The orc begins to glow.
The orc is heavily wounded.
The orc hits you with a +0 hand axe.
* * * LOW HITPOINT WARNING * * *
You hit the orc but do no damage.
The orc glows dangerously bright.
The orc is heavily wounded.
You barely miss the orc.
The orc is heavily wounded.
A kobold comes into view.
It is wielding a +0 dagger and quivering poisoned darts.
The orc hits you with a +0 hand axe.
You die...

###.#.....# #..
.........# #####..
##.##....###......
#....)...##.......
#..#))..)##.......
#...)##.#)........
#...###.#.########
#.##...# #.#.#
#..oB..# #.#.#
####.#.# #.#.# ###
#.....#...# ...
....#.##### ...
..#..#.# .≈≈
...#..# # .≈. ...
... .≈. ∆.K. ..##
.≈. .≈.


You could see an orc (heavy contam) and a kobold.

Vanquished Creatures
  An orc warrior (D:4)
  A scorpion (D:3)
  A howler monkey (D:4)
  2 orc priests (D:4)
  An orc wizard (D:3)
  Robin (D:2)
  6 adders
  A worm (D:3)
  A dart slug (D:2)
  8 orcs
  3 endoplasms (D:1)
  A giant cockroach (D:2)
  7 goblins
  3 hobgoblins (D:2)
  6 jackals
  6 kobolds
  A quokka (D:2)
  7 ball pythons
  3 bats
  12 frilled lizards
  5 rats
77 creatures vanquished.

Notes
Turn   | Place    | Note
-------+----------+-------------------------------------------
     0 | D:1      | innerfire43 the Gnoll Shapeshifter began the quest for the
                  | Orb.
     0 | D:1      | Reached XP level 1. HP: 17/17 MP: 1/1
     0 | D:1      | Reached skill level 7 in Shapeshifting
     0 | D:1      | Upgraded the game from 0.31-a0-609-g7bf6ffcfed to
                  | 0.31-a0-618-g7ca08c1ff9
   301 | D:1      | Found a faded altar of an unknown god.
   361 | D:1      | Reached XP level 2. HP: 16/23 MP: 2/2
   768 | D:2      | Reached XP level 3. HP: 28/28 MP: 3/3
   813 | D:2      | Reached skill level 1 in Invocations
   895 | D:2      | Reached skill level 1 in Short Blades
   895 | D:2      | Reached skill level 1 in Long Blades
   895 | D:2      | Reached skill level 1 in Axes
   895 | D:2      | Reached skill level 1 in Maces & Flails
   895 | D:2      | Reached skill level 1 in Polearms
   895 | D:2      | Reached skill level 1 in Staves
   895 | D:2      | Reached skill level 1 in Ranged Weapons
   895 | D:2      | Reached skill level 1 in Throwing
   895 | D:2      | Reached skill level 1 in Armour
   895 | D:2      | Reached skill level 1 in Stealth
   895 | D:2      | Reached skill level 1 in Shields
   895 | D:2      | Reached skill level 1 in Spellcasting
   895 | D:2      | Reached skill level 1 in Evocations
  1149 | D:2      | Reached XP level 4. HP: 31/34 MP: 5/5
  1185 | D:2      | Noticed Robin
  1200 | D:2      | Killed Robin
  1292 | D:2      | Reached skill level 1 in Conjurations
  1292 | D:2      | Reached skill level 1 in Hexes
  1292 | D:2      | Reached skill level 1 in Summonings
  1292 | D:2      | Reached skill level 1 in Necromancy
  1292 | D:2      | Reached skill level 1 in Translocations
  1292 | D:2      | Reached skill level 1 in Transmutations
  1292 | D:2      | Reached skill level 1 in Fire Magic
  1292 | D:2      | Reached skill level 1 in Ice Magic
  1292 | D:2      | Reached skill level 1 in Air Magic
  1292 | D:2      | Reached skill level 1 in Earth Magic
  1292 | D:2      | Reached skill level 1 in Poison Magic
  1985 | D:3      | Found an opulent altar of Gozag.
  2267 | D:3      | Reached XP level 5. HP: 40/40 MP: 5/7
  2894 | D:4      | Found a shimmering blue altar of Sif Muna.
  2943 | D:4      | Reached XP level 6. HP: 33/47 MP: 8/8
  2947 | D:4      | Reached skill level 5 in Dodging
  2952 | D:4      | Noticed an orc warrior
  2963 | D:4      | Killed an orc warrior
  2982 | D:4      | Slain by an orc

Illustrated notes

Levels and vault maps discovered:
D:1:      dpeg_arrival_water_temple_mockup, layout_loops_ring,
          chequers_ecumenical_altar_simple_redux,
          hangedman_abyss_or_decor_stabs, chequers_serial_rivers_small_a,
          minmay_lizard_pond
D:2:      layout_loops_ring, minmay_3d_cube, uniq_robin
D:3:      layout_loops_corners, grunt_gozag_statues, minmay_liquid_box
D:4:      layout_basic, mainiacjoe_overflow_concentric_impassable,
          grunt_dithmenos_smoke, serial_shops, nicolae_shop_tiny_real_fake_doors

Skill      XL: |  1  2  3  4  5  6 |
---------------+-------------------+-----
Shapeshifting  | 7 |  7.4
Invocations    | 1 2 |  2.4
Short Blades   | 1 2 |  2.2
Long Blades    | 1 2 |  2.2
Axes           | 1 2 |  2.2
Maces & Flails | 1 2 |  2.2
Polearms       | 1 2 |  2.2
Staves         | 1 2 |  2.2
Ranged Weapons | 1 2 |  2.2
Throwing       | 1 2 |  2.2
Armour         | 1 2 |  2.2
Stealth        | 1 2 |  2.2
Shields        | 1 2 |  2.2
Spellcasting   | 1 2 |  2.2
Evocations     | 1 2 |  2.2
Conjurations   | 1 |  1.7
Hexes          | 1 |  1.7
Summonings     | 1 |  1.7
Necromancy     | 1 |  1.7
Translocations | 1 |  1.7
Transmutations | 1 |  1.7
Fire Magic     | 1 |  1.7
Ice Magic      | 1 |  1.7
Air Magic      | 1 |  1.7
Earth Magic    | 1 |  1.7
Poison Magic   | 1 |  1.7
Fighting       | 3 |  3.4
Dodging        | 5 |  5.1
Unarmed Combat | |  6.9

Action                     |  1- 3 |  4- 6 || total
---------------------------+-------+-------++-------
  Melee: Unarmed           |    79 |   155 ||   234
         Bite              |    10 |    13 ||    23
 Armour: Animal skin       |     8 |    31 ||    39
  Dodge: Dodged            |    64 |    89 ||   153
   Form: Flux              |     1 |       ||     1

Table legend: (Time is in decaauts)
 A = Elapsed time spent in this place.
 B = Non-inter-level travel time spent in this place.
 C = Inter-level travel time spent in this place.
 D = Time resting spent in this place.
 E = Time spent auto-exploring this place.
 F = Levels seen in this place.
 G = Mean time per level.
                   A        B        C        D        E       F      G
               +--------+--------+--------+--------+--------+-----+--------+
         Total |   2956 |   2707 |    249 |      0 |   2247 |   4 |  739.0 |
       Dungeon |   2956 |   2707 |    249 |      0 |   2247 |   4 |  739.0 |
               +--------+--------+--------+--------+--------+-----+--------+

Top non-repeatable levels by time:
     D:2: 1104 daAuts
     D:3: 1018 daAuts
     D:1: 745 daAuts
     D:4: 88 daAuts
